Map: Abyssal Reef LE

Players

HatsuneMiku

  • Race: Terran Terran
  • League: Master
  • Spawn Location: 11:00

Life - Winner!

  • Race: Terran Terran
  • League: Master
  • Spawn Location: 5:00

VOD

Have the link to the VOD?

Description

Time

  • Played on: Dec. 6, 2017, 9:45 p.m.
  • Length: 6:57
Show
View Real Time Build Order
Export as new Build Order

HatsuneMiku Terran 

Build Orders: 1/1/1 

Get SALT Encoding   

  12  0:00  SCV  
  13  0:13  SCV  
  14  0:19  Supply Depot  
  14  0:25  SCV  
  15  0:41  SCV  
  16  0:44  Barracks  
  16  0:48  Refinery  
  16  0:53  SCV  
  16  0:55  Refinery  
  17  1:05  SCV  
  18  1:17  SCV  
  19  1:31  Marine, Orbital Command  
  20  1:35  Factory  
  20  1:44  Supply Depot  
  20  1:49  Marine  
  21  1:56  SCV  
  22  2:08  Barracks Reactor  
  22  2:11  SCV  
  23  2:19  Factory Tech Lab  
  23  2:22  Starport  
  23  2:24  SCV  
  23  2:29  Supply Depot  
  24  2:36  SCV  
  25  2:39  Siege Tank  
  28  2:44  Marine x2  
  28  2:48  SCV  
  31  3:00  SCV  
  31  3:03  Marine x2  
  34  3:17  Supply Depot  
  34  3:18  Raven  
  36  3:24  Cyclone  
  39  3:44  SCV  
  39  3:45  Command Center  
  40  4:00  Cyclone  
  43  4:06  Viking  
  44  4:12  SCV  
  45  4:19  Command Center  
  45  4:24  SCV  
  46  4:36  SCV  
  47  4:56  Raven  
  47  4:57  SCV  
  50  5:00  Supply Depot  
  50  5:02  Hellion x2  
  54  5:07  Refinery  
  54  5:08  Refinery  
  54  5:09  SCV  
  55  5:15  Orbital Command  
  55  5:21  SCV  
  56  5:26  Cyclone  
  59  5:29  Cyclone  
  59  5:34  SCV  
  63  5:44  Banshee  
  63  5:46  SCV  
  63  5:49  SCV  
  68  5:54  Bunker  
  68  5:55  Orbital Command  
  68  6:01  SCV  
  69  6:06  SCV  
  69  6:08  Armory  
  70  6:13  SCV  
  70  6:15  Cyclone  
Show
View Real Time Build Order
Export as new Build Order

Life Terran - Winner!

Build Orders: Reaper Expand 

Get SALT Encoding   

  12  0:00  SCV  
  13  0:13  SCV  
  14  0:17  Supply Depot  
  14  0:25  SCV  
  15  0:31  Refinery  
  15  0:39  SCV  
  16  0:45  Barracks  
  16  0:51  SCV  
  17  1:03  SCV  
  18  1:15  SCV  
  19  1:34  Reaper, Orbital Command  
  20  1:47  Command Center  
  20  2:00  Factory, SCV  
  21  2:08  Barracks Reactor  
  21  2:12  Refinery, SCV  
  22  2:19  Supply Depot  
  22  2:24  SCV  
  23  2:41  SCV  
  24  2:51  Hellion x2  
  26  2:53  SCV  
  29  3:00  Orbital Command  
  29  3:05  SCV  
  30  3:12  Cyclone x2  
  33  3:19  SCV  
  37  3:24  Refinery  
  37  3:26  Refinery  
  37  3:28  SCV  
  37  3:31  SCV  
  38  3:39  Barracks Reactor  
  38  3:40  SCV  
  39  3:42  Factory  
  39  3:44  SCV  
  40  3:52  SCV  
  41  3:56  Cyclone, SCV  
  45  4:04  SCV  
  46  4:11  Cyclone  
  46  4:12  SCV  
  46  4:16  Supply Depot  
  50  4:19  SCV  
  51  4:26  SCV  
  52  4:31  SCV  
  52  4:38  Cyclone x2, SCV  
  60  4:40  Supply Depot  
  60  4:48  SCV  
  60  4:50  SCV  
  62  4:58  Supply Depot  
  62  5:01  Cyclone x2, SCV  
  62  5:04  Supply Depot  
  69  5:08  SCV  
  70  5:20  SCV x2  
  72  5:22  Supply Depot  
  72  5:32  SCV x2  
  74  5:36  Command Center  
  74  5:44  SCV x2  
  74  5:46  Cyclone  
  74  5:47  Cyclone  
  82  5:50  Cyclone  
  82  5:54  Cyclone  
  88  6:01  SCV x2  
  90  6:10  Armory  
  90  6:11  Armory  
  90  6:14  SCV x2  
  90  6:17  Supply Depot x2  
  91  6:43  SCV x2  
Tags
 
Add a new tag
Caveats
  • Supply blocks, unpowered buildings, or Contaminate may cause inaccurate times.
  • Supply counts are checked every 10 seconds.